NCAA
GEORGIA TECH YELLOW JACKETS @ NOTRE DAME FIGHTING IRISH
04/08/2023
 
TOP OF THE 1ST
Georgia Tech Yellow Jackets batting - Pitching for Notre Dame Fighting Irish : RHP Ray McIntyre
Pitching: RHP Ray McIntyre
Batting: RHB Flint Todd 0-0: Ball
1-0: Fly out, F8 (Line Drive, 8LM)
Batting: SHB Alfonso Escasán 0-0: Ball
1-0: Ball
2-0: Foul Ball, location: 2F
2-1: Ground out 6-3 (Groundball, 6M)
Batting: RHB Brian Cannon 0-0: Swinging Strike
0-1: Swinging Strike
0-2: Ball
1-2: Foul Ball, location: 2F
1-2: Fly out, F3 (Popup, 3SF)
Top of the 1st over - 0 run(s), 0 hit(s), 0 error(s), 0 left on base; Georgia Tech 0 - Notre Dame 0
BOTTOM OF THE 1ST
Notre Dame Fighting Irish batting - Pitching for Georgia Tech Yellow Jackets : RHP Pedro Mendoza
Pitching: RHP Pedro Mendoza
Batting: RHB António Muńóz 0-0: Ball
1-0: Ground out 6-3 (Groundball, 6)
Batting: RHB Jesús Santos 0-0: Ball
1-0: Foul Ball, location: 2F
1-1: Called Strike
1-2: Strikes out swinging
Batting: LHB Pat White 0-0: Called Strike
0-1: Foul Ball, location: 2F
0-2: Strikes out swinging
Bottom of the 1st over - 0 run(s), 0 hit(s), 0 error(s), 0 left on base; Georgia Tech 0 - Notre Dame 0
TOP OF THE 2ND
Georgia Tech Yellow Jackets batting - Pitching for Notre Dame Fighting Irish : RHP Ray McIntyre
Batting: RHB Luis Antonio Cuevas 0-0: Ball
1-0: Ground out 5-3 (Groundball, 5L)
Batting: LHB Alan Moore 0-0: Fly out, F6 (Popup, 6D)
Batting: RHB Jonny Lord 0-0: Ball
1-0: Fly out, F4 (Line Drive, 4)
Top of the 2nd over - 0 run(s), 0 hit(s), 0 error(s), 0 left on base; Georgia Tech 0 - Notre Dame 0
BOTTOM OF THE 2ND
Notre Dame Fighting Irish batting - Pitching for Georgia Tech Yellow Jackets : RHP Pedro Mendoza
Batting: RHB Doug Coleman 0-0: Ball
1-0: Called Strike
1-1: Ball
2-1: SINGLE (Flyball, 78S)
Batting: RHB Tony Parker 0-0: Ball
1-0: Called Strike
1-1: Called Strike
1-2: Ball
2-2: Ball
3-2: Foul Ball, location: 2F
3-2: Foul Ball, location: 2F
3-2: SINGLE (Groundball, 4D)
Doug Coleman to second
Runner from 2nd tries for 3rd, SAFE, throw made to third
Batting: LHB George Smith 0-0: Ball
1-0: Swinging Strike
1-1: Ball
2-1: Fielders Choice at 2nd, 3-6 (Groundball, 3)
Doug Coleman scores
Batting: SHB Forest Cruz 0-0: Ball
1-0: Swinging Strike
1-1: Ball
2-1: Ball
3-1: Base on Balls
George Smith to second
Batting: SHB Joe Gallagher 0-0: Ball
1-0: Hit by Pitch
George Smith to third
Forest Cruz to second
Batting: RHB Ralph Gentry 0-0: Called Strike
0-1: Ball
1-1: Called Strike
1-2: Foul Ball, location: 2F
1-2: Ball
2-2: Ball
3-2: Base on Balls
George Smith scores
Forest Cruz to third
Joe Gallagher to second
Batting: RHB António Muńóz 0-0: Ball
Wild Pitch!
Forest Cruz scores
Joe Gallagher to third
Ralph Gentry to second
1-0: SINGLE (Flyball, 78S)
Joe Gallagher scores
Ralph Gentry to third
Runner from 3rd tries for Home, SAFE, no throw or cutoff
Batting: RHB Jesús Santos 0-0: Ball
António Muńóz steals 2nd base
1-0: Called Strike
1-1: Foul Ball, location: 2F
1-2: Foul Ball, location: 2F
1-2: Foul Ball, location: 2F
1-2: Ball
2-2: Ball
3-2: Fly out, F8 (Flyball, 8RM)
Batting: LHB Pat White 0-0: Ball
1-0: TRIPLE (Line Drive, 8RM)
António Muńóz scores
Batting: RHB Doug Coleman 0-0: Called Strike
0-1: SINGLE (Line Drive, 6MD)
Pat White scores
Batting: RHB Tony Parker 0-0: Fly out, F8 (Flyball, 8RM)
Bottom of the 2nd over - 7 run(s), 5 hit(s), 0 error(s), 1 left on base; Georgia Tech 0 - Notre Dame 7
TOP OF THE 3RD
Georgia Tech Yellow Jackets batting - Pitching for Notre Dame Fighting Irish : RHP Ray McIntyre
Batting: SHB Ramón Valdés 0-0: Ball
1-0: Called Strike
1-1: Ball
2-1: Ball
3-1: Base on Balls
Batting: RHB John Smith 0-0: Ball
Balk!
Ramón Valdés to second
1-0: Called Strike
1-1: Ground out 4-3 (Groundball, 4)
Ramón Valdés to third
Batting: LHB Héctor Soto 0-0: Ball
1-0: Ball
2-0: Ball
3-0: Called Strike
3-1: Base on Balls
Batting: RHB Flint Todd 0-0: Fielders Choice at 2nd, 6-4 (Groundball, 6M)
Ramón Valdés scores
Batting: SHB Alfonso Escasán 0-0: Ball
1-0: SINGLE (Groundball, 34D)
Flint Todd to second
Runner from 2nd tries for 3rd, SAFE, no throw or cutoff
Batting: RHB Brian Cannon 0-0: Ball
1-0: Called Strike
1-1: Called Strike
1-2: Fielders Choice at 2nd, U6 (Groundball, 6M)
Top of the 3rd over - 1 run(s), 1 hit(s), 0 error(s), 2 left on base; Georgia Tech 1 - Notre Dame 7
BOTTOM OF THE 3RD
Notre Dame Fighting Irish batting - Pitching for Georgia Tech Yellow Jackets : RHP Pedro Mendoza
Batting: LHB George Smith 0-0: Ball
1-0: Ball
2-0: Ball
3-0: Called Strike
3-1: Swinging Strike
3-2: DOUBLE (Groundball, 3L)
Batting: SHB Forest Cruz 0-0: Called Strike
0-1: Swinging Strike
0-2: Ball
1-2: Foul Ball, location: 2F
1-2: Strikes out swinging
Batting: SHB Joe Gallagher 0-0: Ball
1-0: Ball
2-0: Foul Ball, location: 2F
2-1: Fly out, F6 (Line Drive, 6D)
Batting: RHB Ralph Gentry 0-0: Ball
1-0: Ball
2-0: Ball
3-0: Called Strike
3-1: Base on Balls
Batting: RHB António Muńóz 0-0: Ball
1-0: Ground out 1-3 (Groundball, 15)
Bottom of the 3rd over - 0 run(s), 1 hit(s), 0 error(s), 2 left on base; Georgia Tech 1 - Notre Dame 7
TOP OF THE 4TH
Georgia Tech Yellow Jackets batting - Pitching for Notre Dame Fighting Irish : RHP Ray McIntyre
Batting: RHB Luis Antonio Cuevas 0-0: Swinging Strike
0-1: Called Strike
0-2: Foul Ball, location: 2F
0-2: SINGLE (Line Drive, 6D)
Batting: LHB Alan Moore 0-0: Grounds into double play, 1-4-3 (Groundball, 15)
Batting: RHB Jonny Lord 0-0: Called Strike
0-1: Swinging Strike
0-2: Foul Ball, location: 2F
0-2: Strikes out swinging
Top of the 4th over - 0 run(s), 1 hit(s), 0 error(s), 0 left on base; Georgia Tech 1 - Notre Dame 7
BOTTOM OF THE 4TH
Notre Dame Fighting Irish batting - Pitching for Georgia Tech Yellow Jackets : RHP Pedro Mendoza
Pitching: RHP José Rodríguez
Batting: RHB Jesús Santos 0-0: Ball
1-0: Ball
2-0: SINGLE (Line Drive, 8LS)
Batting: LHB Pat White 0-0: Foul Ball, location: 2F
0-1: Foul Ball, location: 2F
0-2: Ball
1-2: Ball
2-2: Ball
3-2: Base on Balls
Jesús Santos to second
Batting: RHB Doug Coleman 0-0: Ball
1-0: Ball
2-0: Ball
3-0: Called Strike
3-1: Base on Balls
Jesús Santos to third
Pat White to second
Batting: RHB Tony Parker 0-0: Swinging Strike
0-1: Ball
1-1: DOUBLE (Flyball, 9LD)
Jesús Santos scores
Pat White scores
Doug Coleman to third
Batting: LHB George Smith 0-0: Ball
1-0: Ball
2-0: Foul Ball, location: 2F
2-1: Ball
3-1: Foul Ball, location: 2F
3-2: SINGLE (Flyball, 89S)
Doug Coleman scores
Tony Parker to third
Batting: SHB Forest Cruz 0-0: Ball
1-0: Foul Ball, location: 2F
1-1: Ground out U3 (Groundball, 3S)
Tony Parker scores
George Smith to second
Pitching: RHP Rafael Durán
Batting: SHB Joe Gallagher 0-0: Ball
1-0: Foul Ball, location: 2F
1-1: Swinging Strike
1-2: Ball
2-2: Foul Ball, location: 2F
2-2: Strikes out swinging
Batting: RHB Ralph Gentry 0-0: Ball
1-0: Ball
2-0: Fly out, F5 (Line Drive, 56)
Bottom of the 4th over - 4 run(s), 3 hit(s), 0 error(s), 1 left on base; Georgia Tech 1 - Notre Dame 11
TOP OF THE 5TH
Georgia Tech Yellow Jackets batting - Pitching for Notre Dame Fighting Irish : RHP Ray McIntyre
Batting: SHB Ramón Valdés 0-0: Called Strike
0-1: SINGLE (Flyball, 78S)
Batting: RHB John Smith 0-0: Ball
1-0: Foul Ball, location: 2F
1-1: Ball
2-1: Ball
3-1: Base on Balls
Ramón Valdés to second
Batting: LHB Héctor Soto 0-0: Called Strike
0-1: Grounds into double play, 4-6-3 (Groundball, 4)
Ramón Valdés to third
Batting: RHB Flint Todd 0-0: Ball
1-0: Foul Ball, location: 2F
1-1: Called Strike
1-2: Strikes out looking
Top of the 5th over - 0 run(s), 1 hit(s), 0 error(s), 1 left on base; Georgia Tech 1 - Notre Dame 11
BOTTOM OF THE 5TH
Notre Dame Fighting Irish batting - Pitching for Georgia Tech Yellow Jackets : RHP Rafael Durán
Batting: RHB António Muńóz 0-0: Swinging Strike
0-1: Ball
1-1: Ground out 6-3 (Groundball, 6M)
Batting: RHB Jesús Santos 0-0: Called Strike
0-1: Foul Ball, location: 2F
0-2: Ball
1-2: Strikes out swinging
Batting: LHB Pat White 0-0: Foul Ball, location: 2F
0-1: Swinging Strike
0-2: Ball
1-2: Ball
2-2: Foul Ball, location: 2F
2-2: Foul Ball, location: 2F
2-2: Strikes out swinging
Bottom of the 5th over - 0 run(s), 0 hit(s), 0 error(s), 0 left on base; Georgia Tech 1 - Notre Dame 11
TOP OF THE 6TH
Georgia Tech Yellow Jackets batting - Pitching for Notre Dame Fighting Irish : RHP Ray McIntyre
Batting: SHB Alfonso Escasán 0-0: Ground out 1-3 (Groundball, 23)
Batting: RHB Brian Cannon 0-0: Ball
1-0: Ball
2-0: Called Strike
2-1: Ball
3-1: SINGLE (Groundball, 3D)
Batting: RHB Luis Antonio Cuevas 0-0: Ball
1-0: Called Strike
1-1: Swinging Strike
1-2: Foul Ball, location: 2F
1-2: Strikes out looking
Batting: LHB Alan Moore 0-0: Called Strike
0-1: Fly out, F6 (Line Drive, 6D)
Top of the 6th over - 0 run(s), 1 hit(s), 0 error(s), 1 left on base; Georgia Tech 1 - Notre Dame 11
BOTTOM OF THE 6TH
Notre Dame Fighting Irish batting - Pitching for Georgia Tech Yellow Jackets : RHP Rafael Durán
Batting: RHB Doug Coleman 0-0: Called Strike
0-1: Ball
1-1: Ball
2-1: Ball
3-1: Ground out 5-3 (Groundball, 5)
Batting: RHB Tony Parker 0-0: Called Strike
0-1: Ball
1-1: Ball
2-1: Ball
3-1: Called Strike
3-2: Foul Ball, location: 2F
3-2: Foul Ball, location: 2F
3-2: Foul Ball, location: 2F
3-2: Fly out, F8 (Flyball, 8RM)
Batting: LHB George Smith 0-0: SINGLE (Groundball, 34D)
Batting: SHB Forest Cruz 0-0: Ball
1-0: Ball
2-0: Ball
3-0: Called Strike
3-1: Foul Ball, location: 2F
3-2: Foul Ball, location: 2F
3-2: Base on Balls
George Smith to second
Batting: SHB Joe Gallagher 0-0: Swinging Strike
0-1: Swinging Strike
0-2: Strikes out swinging
Bottom of the 6th over - 0 run(s), 1 hit(s), 0 error(s), 2 left on base; Georgia Tech 1 - Notre Dame 11
TOP OF THE 7TH
Georgia Tech Yellow Jackets batting - Pitching for Notre Dame Fighting Irish : RHP Ray McIntyre
Batting: RHB Jonny Lord 0-0: Foul Ball, location: 2F
0-1: Ball
1-1: Ball
2-1: Foul Ball, location: 2F
2-2: Fly out, F9 (Flyball, 89M)
Batting: SHB Ramón Valdés 0-0: Fly out, F7 (Flyball, 7S)
Batting: RHB John Smith 0-0: Called Strike
0-1: DOUBLE (Flyball, 8LXD)
Batting: LHB Héctor Soto 0-0: Ball
1-0: Ball
2-0: Called Strike
2-1: Foul Ball, location: 2F
2-2: Ball
3-2: Foul Ball, location: 2F
3-2: Strikes out swinging
Top of the 7th over - 0 run(s), 1 hit(s), 0 error(s), 1 left on base; Georgia Tech 1 - Notre Dame 11
BOTTOM OF THE 7TH
Notre Dame Fighting Irish batting - Pitching for Georgia Tech Yellow Jackets : RHP Rafael Durán
Pitching: RHP Adam Knight
Batting: RHB Ralph Gentry 0-0: Called Strike
0-1: SINGLE (Line Drive, 4MD)
Batting: RHB António Muńóz 0-0: Sac Bunt - play at first, batter OUT! 1-3
Ralph Gentry to second
Batting: RHB Jesús Santos 0-0: Ball
1-0: Ball
2-0: Ball
3-0: Called Strike
3-1: Foul Ball, location: 2F
3-2: Base on Balls
Batting: LHB Pat White 0-0: TRIPLE (Line Drive, 8RM)
Ralph Gentry scores
Jesús Santos scores
Batting: RHB Doug Coleman 0-0: Called Strike
0-1: Ball
1-1: Reached on error, E5 (Groundball, 56)
Pat White scores
Pitching: LHP Michael Stewart
Batting: RHB Tony Parker 0-0: Ball
1-0: Ball
2-0: Foul Ball, location: 2F
2-1: Ball
3-1: Called Strike
3-2: Base on Balls
Doug Coleman to second
Batting: LHB George Smith 0-0: Foul Ball, location: 2F
0-1: Ball
1-1: Called Strike
1-2: Fly out, F9 (Flyball, 89M)
Batting: SHB Forest Cruz 0-0: Called Strike
0-1: Ball
1-1: Ball
2-1: SINGLE (Line Drive, 56)
Doug Coleman to third
Tony Parker to second
Runner from 3rd tries for Home, SAFE, no throw or cutoff
Batting: SHB Joe Gallagher 0-0: Called Strike
0-1: Ball
1-1: Swinging Strike
1-2: Ball
2-2: Strikes out swinging
Bottom of the 7th over - 4 run(s), 3 hit(s), 1 error(s), 2 left on base; Georgia Tech 1 - Notre Dame 15
TOP OF THE 8TH
Georgia Tech Yellow Jackets batting - Pitching for Notre Dame Fighting Irish : RHP Ray McIntyre
Pitching: RHP Bill Wiggins
Now in RF: Ron Walters
Batting: RHB Flint Todd 0-0: Swinging Strike
0-1: Ball
1-1: Ball
2-1: Ball
3-1: Ground out 6-3 (Groundball, 6)
Batting: SHB Alfonso Escasán 0-0: Ball
1-0: Ball
2-0: Foul Ball, location: 2F
2-1: Swinging Strike
2-2: Ball
3-2: Foul Ball, location: 2F
3-2: Base on Balls
Batting: RHB Brian Cannon 0-0: Swinging Strike
0-1: Ball
1-1: Foul Ball, location: 2F
1-2: Grounds into double play, 4-6-3 (Groundball, 4)
Top of the 8th over - 0 run(s), 0 hit(s), 0 error(s), 0 left on base; Georgia Tech 1 - Notre Dame 15
BOTTOM OF THE 8TH
Notre Dame Fighting Irish batting - Pitching for Georgia Tech Yellow Jackets : LHP Michael Stewart
Batting: RHB Ralph Gentry 0-0: Called Strike
0-1: Fly out, F3 (Popup, 4)
Batting: RHB António Muńóz 0-0: Called Strike
0-1: Fly out, F6 (Line Drive, 6M)
Batting: RHB Jesús Santos 0-0: Ball
1-0: Foul Ball, location: 2F
1-1: Ball
2-1: Foul Ball, location: 2F
2-2: Ball
3-2: Foul Ball, location: 2F
3-2: Foul Ball, location: 2F
3-2: Foul Ball, location: 2F
3-2: Strikes out looking
Bottom of the 8th over - 0 run(s), 0 hit(s), 0 error(s), 0 left on base; Georgia Tech 1 - Notre Dame 15
TOP OF THE 9TH
Georgia Tech Yellow Jackets batting - Pitching for Notre Dame Fighting Irish : RHP Bill Wiggins
Now at SS: Tim Reid
Batting: RHB Luis Antonio Cuevas 0-0: Ball
1-0: Foul Ball, location: 2F
1-1: Swinging Strike
1-2: Strikes out swinging
Batting: LHB Alan Moore 0-0: Foul Ball, location: 2F
0-1: SINGLE (Groundball, 6MD)
Batting: RHB Jonny Lord 0-0: Swinging Strike
0-1: Foul Ball, location: 2F
0-2: SINGLE (Line Drive, 8RS)
Alan Moore to second
Batting: SHB Ramón Valdés 0-0: Called Strike
0-1: Ball
1-1: Foul Ball, location: 2F
1-2: Ball
2-2: Foul Ball, location: 2F
2-2: Foul Ball, location: 2F
2-2: Ground out 4-3 (Groundball, 13)
Alan Moore to third
Jonny Lord to second
Batting: RHB John Smith 0-0: Swinging Strike
0-1: Foul Ball, location: 2F
0-2: Strikes out swinging
Top of the 9th over - 0 run(s), 2 hit(s), 0 error(s), 2 left on base; Georgia Tech 1 - Notre Dame 15
This league is powered by Out of the Park Baseball, the baseball management simulation game for PC, Mac and Linux
Wednesday, December 2nd, 2015 - OOTP Baseball 16.8 Build 38